 Dungeon Crawl Stone Soup version 0.22-a0-412-g2b68d14 (webtiles) character file.

25 Borgoz the Skirmisher (level 3, -3/23 HPs)
             Began as a Gargoyle Abyssal Knight on May 12, 2018.
             Was a Follower of Lugonu.
             Slain by a gnoll
             ... wielding a +0 flail
              (7 damage)
             ... on level 2 of the Dungeon.
             The game lasted 00:02:26 (899 turns).

Borgoz the Skirmisher (Gargoyle Abyssal Knight)      Turns: 899, Time: 00:02:27

Health: -3/23      AC:  6    Str: 15    XL:     3   Next: 6%
Magic:  4/4        EV: 11    Int: 12    God:    Lugonu [*.....]
Gold:   39         SH:  0    Dex: 10    Spells: 2/2 levels left

rFire    + . .     SeeInvis .   a - +1 hand axe
rCold    . . .     Gourm    .   (no shield)
rNeg     + . .     Faith    .   b - +0 leather armour
rPois    ∞         Spirit   .   (no helmet)
rElec    +         Reflect  .   (no cloak)
rCorr    .         Harm     .   (no gloves)
MR       .....                  (no boots)
Stlth    +.........             (no amulet)
HPRegen  0.07/turn              k - ring of protection from fire
MPRegen  0.09/turn              (no ring)

@: no status effects
A: negative energy resistance 1, electricity resistance, unbreathing,
petrification resistance, rot immunity, AC +3
a: Depart the Abyss, Renounce Religion


You were on level 2 of the Dungeon.
You worshipped Lugonu.
Lugonu was aware of your devotion.
You were not hungry.

You visited 1 branch of the dungeon, and saw 2 of its levels.
You visited the Abyss 1 time.

You collected 39 gold pieces.

Inventory:

Hand Weapons
 a - a +1 hand axe (weapon)
Armour
 b - a +0 leather armour (worn)
Jewellery
 k - a ring of protection from fire (left hand)
Scrolls
 f - a scroll of amnesia {unknown}
 g - a scroll of teleportation {unknown}
 h - 3 scrolls of random uselessness {unknown}
 j - a scroll of immolation {unknown}
Potions
 e - a potion of haste {unknown}
 i - a potion of invisibility {unknown}
Comestibles
 c - 4 rations
 d - 5 chunks of flesh


   Skills:
 + Level 3.5 Fighting
 * Level 2.3 Axes
 + Level 2.5 Armour
 + Level 1.2 Dodging
 + Level 2.2 Invocations


You had 2 spell levels left.
You didn't know any spells.
Your spell library was empty.

Dungeon Overview and Level Annotations

Branches:
Dungeon (2/15)

Altars:
Elyvilon


Innate Abilities, Weirdness & Mutations

You are resistant to torment.
Your stone body is resilient. (AC +3)
You are immune to poison.
You resist negative energy. (rN+)
You are resistant to electric shocks. (rElec)
You can survive without breathing.
You are immune to petrification.
You are immune to rotting.


Message History

You slash the bat!
You kill the bat!
Lugonu accepts your kill.
The gnoll hits you from afar with a spear.
The gnoll hits you but does no damage. The gnoll closely misses you.
The gnoll barely misses you.
A giant cockroach comes into view.
The gnoll hits you with a flail. The gnoll hits you with a spear!
You see here a bat corpse.
Unknown command.
You barely miss the gnoll. x2; You completely miss the gnoll.
The gnoll barely misses you. The gnoll hits you with a spear.
* * * LOW HITPOINT WARNING * * *
The gnoll completely misses you.
Unknown command.
You hit the gnoll.
The gnoll is lightly wounded.
You barely miss the gnoll. You hit the gnoll but do no damage.
The gnoll hits you but does no damage. x3; The gnoll hits you with a flail!
You die...

####### ################
....... ................
.......
..#####.#######.#.......
................g.......
..#####..######gggs..... ..#
##.# #.@# ..# ###.## #..#
.#####....#####..#
.....'....'....()#
######..).######.# #
#........##.# .#.##
#...[....##(# #.#..###
#........##.######......##
#####....##(....##.......#.#


You could see 4 gnolls and a giant cockroach.

Vanquished Creatures
  A dart slug (D:1)
  A leopard gecko (D:1)
  7 goblins
  3 kobolds
  3 bats (D:2)
  4 frilled lizards
  7 rats
26 creatures vanquished.

Notes
Turn   | Place    | Note
-------+----------+-------------------------------------------
     0 | Abyss:1  | Borgoz the Gargoyle Abyssal Knight began the quest for the Orb.
     0 | Abyss:1  | Reached XP level 1. HP: 14/14 MP: 2/2
    43 | Abyss:1  | Noticed a raiju
    44 | D:1      | Escaped the Abyss
   177 | D:1      | Reached XP level 2. HP: 17/19 MP: 3/3
   241 | D:1      | Reached skill level 1 in Dodging
   255 | D:1      | Reached * piety under Lugonu
   816 | D:2      | Found a white marble altar of Elyvilon.
   863 | D:2      | Reached XP level 3. HP: 23/23 MP: 4/4
   899 | D:2      | Slain by a gnoll

Vault maps used:
D:1:      denvon_arrival_hothouse, minmay_misc_feat_iff, kennysheep_minor_cross
D:2:      elyvilon_altar_3, first_ration

Skill      XL: |  1  2 |
---------------+-------+-----
Axes           | 2 |  2.3
Dodging        | 1 |  1.2
Fighting       | |  3.5
Armour         | |  2.5
Invocations    | |  2.2

Action                   || total
-------------------------++-------
Melee: Hand axe          ||    62
Invok: Depart the Abyss  ||     1
Armor: Leather armour    ||    40
Dodge: Dodged            ||    35

Table legend:
 A = Spawn XP
 B = Non-spawn XP
 C = Spawn XP percentage of total XP
 D = Spawn monster count
 E = Non-spawn monster count
 F = Spawn count percentage of total count
 G = Total turns spent on level
                    A         B        C        D         E        F      G
               +---------+---------+-------+---------+---------+-------+---------
         Total |       0 |      37 |   0.0 |       0 |      26 |   0.0 |   899
               +---------+---------+-------+---------+---------+-------+---------
           D:1 |       0 |      24 |   0.0 |       0 |      14 |   0.0 |   677
           D:2 |       0 |      13 |   0.0 |       0 |      12 |   0.0 |   178
               +---------+---------+-------+---------+---------+-------+---------
